 Dungeon Crawl Stone Soup version 0.23.2-1-ga50397a6bc (webtiles) character file.

Game seed: 14778114791072615244

4214 Ethylacetat the Spear-Bearer (level 10, -6/86 HPs)
             Began as a Merfolk Gladiator on May 18, 2019.
             Was an Elder of Okawaru.
             Killed from afar by Erica (19 damage)
             ... with a bolt of poison
             ... on level 8 of the Dungeon.
             The game lasted 00:16:49 (9632 turns).

Ethylacetat the Spear-Bearer (Merfolk Gladiator)    Turns: 9632, Time: 00:16:50

Health: -6/86      AC:  9    Str: 17      XL:     10   Next: 29%
Magic:  12/12      EV: 11    Int:  7      God:    Okawaru [****..]
Gold:   460        SH:  0    Dex: 15 (17) Spells: 9/9 levels left

rFire    . . .     SeeInvis .   D - +0 spear (venom)
rCold    + + .     Gourm    +   (no shield)
rNeg     . . .     Faith    .   y - +2 scale mail {rC+}
rPois    .         Spirit   .   c - +0 helmet
rElec    .         Reflect  .   (no cloak)
rCorr    .         Harm     .   (no gloves)
MR       .....                  (no boots)
Stlth    ..........             v - amulet of the gourmand
HPRegen  0.24/turn              A - ring of protection from cold
MPRegen  0.13/turn              (no ring)

@: lethally poisoned (-6 -> -14)
A: change form in water, swift swim, stealthy swim
a: Heroism, Renounce Religion


You were on level 8 of the Dungeon.
You worshipped Okawaru.
Okawaru was greatly pleased with you.
You were not hungry.

You visited 2 branches of the dungeon, and saw 9 of its levels.

You collected 460 gold pieces.

Inventory:

Hand Weapons
 a - a +0 trident
 D - a +0 spear of venom (weapon)
Missiles
 d - a throwing net (quivered)
Armour
 b - a +0 leather armour
 c - a +0 helmet (worn)
 y - a +2 scale mail of cold resistance (worn)
Jewellery
 n - an uncursed amulet of magic regeneration
 v - an amulet of the gourmand (around neck)
 A - a ring of protection from cold (left hand)
Wands
 B - a wand of paralysis (10)
Scrolls
 e - 5 scrolls of remove curse
 g - 2 scrolls of magic mapping {unknown}
 i - a scroll of noise {unknown}
 k - 3 scrolls of immolation {unknown}
 m - 6 scrolls of enchant weapon
 o - 6 scrolls of teleportation
 r - 3 scrolls of blinking {unknown}
 u - a scroll of torment {unknown}
 z - a scroll of enchant armour {unknown}
 E - a scroll of amnesia {unknown}
Potions
 h - a potion of magic
 j - 2 potions of haste
 l - 2 potions of invisibility {unknown}
 p - 2 potions of agility {unknown}
 q - 3 potions of flight
 s - 5 potions of curing
 t - 2 potions of lignification {unknown}
 w - 3 potions of brilliance
 x - a potion of heal wounds {unknown}
 C - a potion of mutation {unknown}
Comestibles
 f - 16 rations


   Skills:
 + Level 10.7 Fighting
 * Level 14.5 Polearms
 - Level 2.0 Throwing
 - Level 4.0 Dodging
 + Level 3.9 Invocations


You had 9 spell levels left.
You didn't know any spells.
Your spell library contained the following spells:

 Spells                   Type           Power        Failure   Level  Hunger
 Magic Dart               Conj           #...         86%         1    ##.....
 Blink                    Tloc           N/A          95%         2    ###....
 Call Imp                 Summ           #.......     95%         2    ###....
 Slow                     Hex            #.......     95%         2    ###....
 Conjure Flame            Conj/Fire      #.......     99%         3    ####...
 Mephitic Cloud           Conj/Pois/Air  #.......     99%         3    ####...


Dungeon Overview and Level Annotations

Branches:
Dungeon (8/15)             Temple (1/1) D:5
   Lair: D:8-11

Altars:
Ashenzari
Cheibriados
Dithmenos
Elyvilon
Fedhas
Gozag
Hepliaklqana
Kikubaaqudgha
Makhleb
Nemelex Xobeh
Okawaru
Qazlal
Ru
Trog
Uskayaw
Vehumet
Wu Jian
Xom
Yredelemnul
Zin
The Shining One

Shops:
D:5 [

Annotations:
D:8 Erica


Message History

* * * LOW HITPOINT WARNING * * *
Throwing (i - inventory)
d - 2 throwing nets (quivered)
Press: ? - help, Shift-Dir - straight line, f - worker ant
Aim: a worker ant You throw a throwing net.
Something gets caught in the net!
Something wriggles in the net.
You puncture something! You barely miss something.
Something wriggles in the net.
You hit something.
Your scale mail prevents you from hitting something.
Something wriggles in the net.
You barely miss something. You hit something but do no damage.
Something wriggles in the net.
You hit something. You puncture something!
You hear some strange, mumbled words.
A bolt of poison appears from out of thin air!
The bolt of poison hits you!!
You are poisoned.
You die...

#)# #.### ########## #.# #.##.
[......#<# #.# #....
.......#@# #.# ####.
.......#z# #)# #. .......'a#
#####.### #. .......#.#
#.......# #.
.......#######.##.##.# #.
......za{@.....##.##.# #.
.......##########....# #)
....... ###### #. .......
#####. ....... #.....
#####################.####
############......##.........#
....................>#########
#######<####.......#.#


You could see a worker ant and a wight.

Vanquished Creatures
  5 hungry ghosts
  Menkaure (D:3)
  An orc warrior (D:7)
  A phantom (D:7)
  A black bear (D:7)
  An eye of draining (D:8)
  A necrophage (D:8)
  2 ogres
  2 centaurs
  4 bullfrogs
  A big kobold (D:8)
  A wyvern zombie (D:8)
  A scorpion (D:6)
  10 killer bees
  4 wights
  6 howler monkeys
  7 crimson imps
  A bullfrog zombie (D:7)
  A quasit (D:8)
  4 orc wizards
  4 orc priests
  4 hounds
  A jelly (D:7)
  3 iguanas
  A bullfrog skeleton (D:5)
  9 worker ants
  A killer bee zombie (D:8)
  A hound skeleton (D:4)
  A worker ant zombie (D:6)
  5 gnolls
  2 howler monkey skeletons (D:5)
  11 adders
  3 shadow imps
  An ooze (D:1)
  2 adder skeletons
  4 worms
  5 dart slugs
  4 leopard geckos
  29 orcs
  5 ball pythons
  8 bats
  8 giant cockroaches
  4 goblins
  5 hobgoblins
  15 jackals
  3 quokkas
  7 kobolds
  4 rats
205 creatures vanquished.

Notes
Turn   | Place    | Note
-------+----------+-------------------------------------------
     0 | D:1      | Ethylacetat the Merfolk Gladiator began the quest for the
                  | Orb.
     0 | D:1      | Reached XP level 1. HP: 16/16 MP: 1/1
    45 | D:1      | Reached XP level 2. HP: 21/23 MP: 2/2
   142 | D:1      | Reached skill level 5 in Polearms
   271 | D:1      | Reached XP level 3. HP: 17/29 MP: 3/3
  1031 | D:2      | Reached XP level 4. HP: 36/36 MP: 4/4
  1280 | D:2      | Reached skill level 6 in Polearms
  1564 | D:3      | Reached XP level 5. HP: 40/42 MP: 5/5
  1777 | D:3      | Found a hide-covered altar of Uskayaw.
  1961 | D:3      | Found a sparkling altar of Nemelex Xobeh.
  1979 | D:3      | Found a shattered altar of Ashenzari.
  2287 | D:4      | Reached skill level 7 in Polearms
  2418 | D:4      | Reached skill level 5 in Fighting
  2418 | D:4      | Reached XP level 6. HP: 44/51 MP: 6/6
  2566 | D:4      | Noticed Menkaure
  2738 | D:3      | HP: 2/51 [Menkaure (21)]
  2748 | D:3      | Killed Menkaure
  2748 | D:3      | Reached skill level 8 in Polearms
  3244 | D:4      | Reached XP level 7. HP: 34/57 MP: 7/7
  3823 | D:4      | Reached skill level 9 in Polearms
  3985 | D:5      | Entered Level 5 of the Dungeon
  3990 | D:5      | Found Hibar's Armour Boutique.
  4192 | D:5      | Reached XP level 8. HP: 67/67 MP: 8/8
  4262 | D:5      | Found a staircase to the Ecumenical Temple.
  4293 | Temple   | Entered the Ecumenical Temple
  4319 | Temple   | Became a worshipper of Warmaster Okawaru
  4355 | D:5      | Reached skill level 10 in Polearms
  4678 | D:5      | Found a glowing golden altar of the Shining One.
  4850 | D:6      | Found a blossoming altar of Fedhas.
  5437 | D:6      | Reached * piety under Okawaru
  5437 | D:6      | Reached skill level 11 in Polearms
  6162 | D:7      | Reached XP level 9. HP: 22/75 MP: 9/9
  6555 | D:7      | Reached ** piety under Okawaru
  6555 | D:7      | Reached skill level 12 in Polearms
  6714 | D:7      | Paralysed by fainting for 5 turns
  7746 | D:7      | Reached skill level 10 in Fighting
  7746 | D:7      | Reached skill level 13 in Polearms
  8138 | D:7      | Reached skill level 1 in Invocations
  8265 | D:8      | Noticed Erica
  8574 | D:8      | Reached *** piety under Okawaru
  8625 | D:8      | Found a bloodstained altar of Trog.
  8716 | D:8      | Reached XP level 10. HP: 62/86 MP: 10/12
  8957 | D:8      | Reached skill level 14 in Polearms
  9250 | D:8      | Reached **** piety under Okawaru
  9632 | D:8      | Killed from afar by Erica

Skill      XL: |  1  2  3  4  5  6  7  8  9 10 |
---------------+-------------------------------+-----
Polearms       | 5 6 7 8 9 11 13 14 | 14.5
Fighting       | 3 4 5 7 8 10 | 10.7
Invocations    | 2 3 |  3.9
Throwing       | |  2.0
Dodging        | |  4.0

Action                   |  1- 3 |  4- 6 |  7- 9 | 10-12 || total
-------------------------+-------+-------+-------+-------++-------
Melee: Trident           |   100 |   180 |   578 |       ||   858
       Spear             |       |       |    24 |   210 ||   234
Throw: Throwing net      |       |     1 |       |     2 ||     3
  Use: Scroll            |       |       |     8 |       ||     8
       Potion            |       |       |       |     1 ||     1
 Stab: Sleeping          |     4 |       |     5 |       ||     9
       Held in net/web   |       |     3 |       |       ||     3
       Distracted        |       |       |     2 |       ||     2
  Eat: Chunk             |       |     6 |    36 |     6 ||    48
       Ration            |       |       |     2 |     1 ||     3
Armor: Leather armour    |    15 |    19 |    12 |       ||    46
       Scale mail        |       |       |   117 |    35 ||   152
Dodge: Dodged            |    73 |    73 |   228 |    54 ||   428
